 Dungeon Crawl Stone Soup version 0.17-a0-1435-geafbe2f (webtiles) character file.

287 zeke the Covered (level 6, -1/55 HPs)
             Began as a Minotaur Fighter on June 27, 2015.
             Killed from afar by an orc wizard (4 damage)
             ... with a magic dart
             ... on level 4 of the Dungeon.
             The game lasted 00:07:06 (2277 turns).

zeke the Covered (Minotaur Fighter)                 Turns: 2277, Time: 00:07:06

Health: -1/55      AC:  9    Str: 22    XL:     6   Next: 8%
Magic:  5/5        EV:  8    Int:  5    God:
Gold:   140        SH: 10    Dex: 10    Spells: 0 memorised, 5 levels left

rFire  . . .     SeeInvis .     a - +0 war axe
rCold  . . .     Clarity  .     b - +0 scale mail
rNeg   . . .     SustAt   .     c - +0 shield
rPois  .         Gourm    .     (helmet restricted)
rElec  .         Spirit   .     (no cloak)
rCorr  .         Warding  .     m - +0 pair of gloves
rMut   .         Stasis   .     k - +0 pair of boots (curse)
MR     .....                    (no amulet)
Stlth  ..........               (no ring)
                                (no ring)

@: not resistant to hostile enchantments, extremely unstealthy
A: retaliatory headbutt, horns 2
a: no special abilities


You were on level 4 of the Dungeon.
You were not hungry.

You visited 1 branch of the dungeon, and saw 4 of its levels.

You collected 140 gold pieces.

Inventory:

Hand weapons
 a - a +0 war axe (weapon)
Armour
 b - a +0 scale mail (worn)
 c - a +0 shield (worn)
 k - a cursed +0 pair of boots (worn)
 m - a +0 pair of gloves (worn)
 r - a +2 shield
Jewellery
 d - an uncursed ring of poison resistance {unknown}
Scrolls
 h - a scroll of magic mapping {unknown}
 i - 3 scrolls of identify {unknown}
 n - a scroll of recharging {unknown}
 o - a scroll of remove curse {unknown}
 q - a scroll of fear {unknown}
Potions
 f - 2 potions of curing {unknown}
 j - 3 potions of resistance {unknown}
 l - a potion of poison {unknown}
 p - 2 potions of cancellation {unknown}
Comestibles
 e - a bread ration
 g - a beef jerky


   Skills:
 + Level 4.8 Fighting
 + Level 4.2 Axes
 + Level 4.8 Armour
 + Level 2.5 Dodging
 + Level 0.3 Stealth
 + Level 4.8 Shields


You had 5 spell levels left.
You didn't know any spells.

Dungeon Overview and Level Annotations

Branches:
Dungeon (4/15)
 Temple: D:4-7

Altars:
Cheibriados
Gozag
Makhleb
Trog
Vehumet
The Shining One


Innate Abilities, Weirdness & Mutations

You reflexively headbutt those who attack you in melee.
You have a pair of horns on your head.


Message History

You feel less confused. You block the bat's attack.
The orc wizard hits you but does no damage.
You are electrocuted!
* * * LOW HITPOINT WARNING * * *
You closely miss the bat. You headbutt the bat.
The bat is severely wounded.
You miss the orc wizard.
The orc wizard is lightly wounded.
You slash the orc!
You kill the orc!
You miss something. The bat hits you but does no damage.
Something hits you but does no damage.
The orc wizard hits you with a dagger of electrocution.
* * * LOW HITPOINT WARNING * * *
The bat hits you but does no damage.
You hear some strange, mumbled words.
A magic dart appears from out of thin air!
The magic dart hits you!
You die...

# .###
#####...###
##.....#....
##...<.......
#...)........
#.@.†........
#bo).........
#............
#............
##...$.......
##.....#....
#.........
........


You could see an orc wizard and a bat.

Vanquished Creatures
  A phantom (D:3)
  A giant frog (D:4)
  2 orc priests (D:3)
  2 adders (D:2)
  An ooze (D:3)
  A worm (D:2)
  A giant gecko (D:3)
  5 orcs
  2 bats (D:2)
  A giant cockroach (D:3)
  3 goblins (D:2)
  6 hobgoblins
  4 kobolds
  2 quokkas (D:2)
  2 ball pythons
  3 giant newts
  6 rats
43 creatures vanquished.

Notes
Turn   | Place    | Note
--------------------------------------------------------------
     0 | D:1      | zeke the Minotaur Fighter began the quest for the Orb.
     0 | D:1      | Reached XP level 1. HP: 19/19 MP: 0/0
   492 | D:1      | Reached skill level 4 in Fighting
   783 | D:2      | Reached XP level 2. HP: 27/27 MP: 1/1
  1020 | D:2      | Reached XP level 3. HP: 22/33 MP: 2/2
  1162 | D:2      | Found a radiant altar of Vehumet.
  1166 | D:2      | Found a burning altar of Makhleb.
  1169 | D:2      | Found a snail-covered altar of Cheibriados.
  1374 | D:3      | Found a glowing golden altar of the Shining One.
  1411 | D:3      | Reached XP level 4. HP: 15/41 MP: 3/3
  1414 | D:3      | Reached skill level 1 in Dodging
  1671 | D:3      | Found an opulent altar of Gozag.
  1750 | D:3      | Noticed a phantom
  1781 | D:3      | Killed a phantom
  1781 | D:3      | Reached XP level 5. HP: 28/47 MP: 4/4
  2148 | D:3      | Found a bloodstained altar of Trog.
  2271 | D:4      | Reached XP level 6. HP: 44/55 MP: 5/5
  2277 | D:4      | Killed from afar by an orc wizard

Vault maps used:
D:1:      onia_arrival_mini_maze
D:2:      grunt_temple_overflow_diamond
D:3:      lemuel_doored_altar, lemuel_coloured_pillars_altar, first_bread,
          tso_metal_star
D:4:      nicolae_qazlal_eye_of_the_storm, minivault_5

Action                   |  1- 3 |  4- 6 || total
-------------------------+-------+-------++-------
Melee: War axe           |    58 |    38 ||    96
  Use: Potion            |       |     1 ||     1
  Eat: Chunk             |     1 |     1 ||     2
       Bread ration      |       |     1 ||     1
